 Dungeon Crawl Stone Soup version 0.30-a0-738-g116ff8c4af (webtiles) character file.

Game seed: 15254061429406051996

17 mopl the Sneak (level 2, -1/19 HPs)
             Began as an Octopode Brigand on Feb 3, 2023.
             Slain by a jackal (2 damage)
             ... on level 1 of the Dungeon.
             The game lasted 00:00:31 (182 turns).

mopl the Sneak (Octopode Brigand)                    Turns: 182, Time: 00:00:32

Health: -1/19      AC:  1    Str: 10    XL:     2   Next: 62%
Magic:  2/2        EV: 12    Int: 13    God:
Gold:   0          SH:  0    Dex: 13    Spells: 1/1 levels left

rFire   . . .      SeeInvis .    a - +2 dagger
rCold   . . .      Faith    .    (no shield)
rNeg    . . .      Spirit   .    (helmet restricted)
rPois   .          Reflect  .    (no amulet)
rElec   .          Harm     .    (no ring)
rCorr   .          Rampage  .    (no ring)
Will    .....                    (no ring)
Stlth   ++++                     (no ring)
HPRegen 0.23/turn                (no ring)
MPRegen 0.08/turn                (no ring)
                                 (no ring)
                                 (no ring)

@: no status effects
A: almost no armour, amphibious, 8 rings, camouflage 1, gelatinous body 1,
(nimble swimmer 1), tentacles
a: no special abilities


You were on level 1 of the Dungeon.
You visited 1 branch of the dungeon, and saw 1 of its levels.

Inventory:

Hand Weapons
 a - a +2 dagger (weapon)
Missiles
 b - 9 poisoned darts (quivered)
 c - 3 curare-tipped darts
 d - 6 javelins
Scrolls
 e - 2 scrolls of identify {unknown}


   Skills:
 - Level 2.0 Fighting
 + Level 2.4 Short Blades
 + Level 2.4 Throwing
 - Level 1.0 Dodging
 + Level 5.7 Stealth


You had one spell level left.
You didn't know any spells.
Your spell library contained the following spells:

 Spells                   Type           Power      Damage    Failure   Level
 Lesser Beckoning         Tloc           0%         N/A       43%         2
 Gell's Gravitas          Tloc           0%         N/A       67%         3
 Teleport Other           Tloc           0%         N/A       67%         3


Dungeon Overview and Level Annotations

Branches:
Dungeon (1/15)

Altars:


Innate Abilities, Weirdness & Mutations

You cannot wear most types of armour.
You are amphibious.
You can wear up to eight rings at the same time.
Your skin changes colour to match your surroundings (Stealth+).
Your rubbery body absorbs attacks. (AC +1, EV +1)
((You are camouflaged when in or above water. (Stealth+)))
You have tentacles for arms and can constrict up to eight enemies at once.


Message History

The jackal misses you. The jackal barely misses you.
The jackal closely misses you. The jackal misses you.
You closely miss the jackal. Your grab misses the jackal.
The jackal is almost dead.
The jackal bites you. x2
You hit the jackal but do no damage. Your grab misses the jackal.
The jackal is almost dead.
The jackal misses you. The jackal bites you. x2
You are too injured to fight recklessly!
You are too injured to fight recklessly!
You are too injured to fight recklessly!
You miss the jackal. Your grab misses the jackal.
Your squeeze misses the jackal. The jackal barely misses you.
The jackal closely misses you. The jackal bites you.
You hit the jackal but do no damage. Your grab misses the jackal.
The jackal misses you. The jackal barely misses you. The jackal bites you.
The jackal bites you but does no damage.
You barely miss the jackal. Your grab misses the jackal.
The jackal barely misses you. x3; The jackal bites you.
* * * LOW HITPOINT WARNING * * *
You hit the jackal.
You kill the jackal!
The jackal bites you.
* * * LOW HITPOINT WARNING * * *
The jackal closely misses you.
You closely miss the jackal. You grab the jackal.
Your squeeze misses the jackal.
You constrict the jackal, but do no damage.
The jackal completely misses you. x2; The jackal closely misses you.
You closely miss the jackal. Your grab misses the jackal.
You constrict the jackal, but do no damage.
The jackal barely misses you. The jackal misses you.
You barely miss the jackal. Your grab misses the jackal.
You constrict the jackal, but do no damage.
The jackal barely misses you. The jackal bites you.
* * * LOW HITPOINT WARNING * * *
The jackal bites you but does no damage.
You barely miss the jackal. Your grab misses the jackal.
Your squeeze misses the jackal. You constrict the jackal. The jackal bites you.
You die...

#..
###....).................
#.#.
#####........#.#####.†.
#.#. #.....####.#####...
#.# . #.....# #....††....
#.# #.....# #..........
#.....# #..........
####.....# #..........
#...)....##...#####...
#....@...##.### #...
......h†h.....# ####
........$.......
............#### ..
............# ...
............# ###
.#.....##.## .. #..... .#


You could see 2 jackals.

Vanquished Creatures
  A dart slug (D:1)
  An endoplasm (D:1)
  2 goblins (D:1)
  3 hobgoblins (D:1)
  2 jackals (D:1)
  A kobold (D:1)
  A frilled lizard (D:1)
  3 rats (D:1)
14 creatures vanquished.

Notes
Turn   | Place    | Note
-------+----------+-------------------------------------------
     0 | D:1      | mopl the Octopode Brigand began the quest for the Orb.
     0 | D:1      | Reached XP level 1. HP: 14/14 MP: 1/1
    80 | D:1      | Reached XP level 2. HP: 19/19 MP: 2/2
   182 | D:1      | Slain by a jackal

Illustrated notes

Levels and vault maps discovered:
D:1:      evilmike_arrival_home_sweet_home, layout_basic

Action                     || total
---------------------------++-------
  Melee: Dagger            ||    31
         Constrict         ||     5
         Tentacles         ||     1
   Stab: Sleeping          ||     6
 Armour: Skin              ||     4
  Dodge: Dodged            ||    23

Table legend: (Time is in decaauts)
 A = Elapsed time spent in this place.
 B = Non-inter-level travel time spent in this place.
 C = Inter-level travel time spent in this place.
 D = Time resting spent in this place.
 E = Time spent auto-exploring this place.
 F = Levels seen in this place.
 G = Mean time per level.
                   A        B        C        D        E       F      G
               +--------+--------+--------+--------+--------+-----+--------+
         Total |    178 |    178 |      0 |      0 |    106 |   1 |  178.0 |
       Dungeon |    178 |    178 |      0 |      0 |    106 |   1 |  178.0 |
               +--------+--------+--------+--------+--------+-----+--------+

Top non-repeatable levels by time:
     D:1: 178 daAuts
